 Dungeon Crawl Stone Soup version 0.31-a0-188-g5e087ee2ca (webtiles) character file.

Game seed: 14917980075097512607

571 qw the Skirmisher (level 7, -2/40 HPs)
             Began as a Deep Elf Hunter on June 23, 2023.
             Killed by divine providence
             ... invoked by an orc priest
              (17 damage)
             ... on level 5 of the Dungeon.
             The game lasted 00:01:17 (3552 turns).

qw the Skirmisher (Deep Elf Hunter)                 Turns: 3552, Time: 00:01:17

Health: -2/40      AC:  5    Str: 10    XL:     7   Next: 11%
Magic:  9/9        EV: 12    Int: 14    God:
Gold:   160        SH:  0    Dex: 24    Spells: 6/6 levels left

rFire   . . .        Y - +1 shortbow (drain)
rCold   . . .        (shield currently unavailable)
rNeg    . . .        h - +0 ring mail
rPois   .            (no helmet)
rElec   .            (no cloak)
rCorr   .            (no gloves)
SInv    .            (no boots)
Will    .....        (no amulet)
Stlth   ++           j - +6 ring of dexterity
HPRegen 0.26/turn    (no ring)
MPRegen 0.11/turn

%: no passive effects
@: no status effects
A: no striking features
a: no special abilities


You were on level 5 of the Dungeon.
You visited 2 branches of the dungeon, and saw 6 of its levels.
You also visited: Sewer.

You collected 160 gold pieces.


   Skills:
 - Level 2.0 Fighting
 + Level 10.5 Ranged Weapons
 - Level 4.1 Dodging
 - Level 1.2 Stealth


You had 6 spell levels left.
You didn't know any spells.
Your spell library was empty.

Inventory:

Hand Weapons
 Y - a +1 shortbow of draining (weapon)
Armour
 h - a +0 ring mail (worn)
Jewellery
 e - a ring of ice
 j - a +6 ring of dexterity (left hand)
Scrolls
 b - a scroll of identify
 f - 2 scrolls of teleportation
Potions
 a - a potion of invisibility {unknown}
 c - 2 potions of heal wounds
 d - a potion of might {unknown}
 g - a potion of resistance
 i - a potion of experience {unknown}
 k - a potion of curing
 l - a potion of brilliance {unknown}
 m - a potion of cancellation

Dungeon Overview and Level Annotations

Branches:
Dungeon (5/15)             Temple (1/1) D:4           Sewer (visited)

Altars:
Ashenzari
Cheibriados
Gozag
Hepliaklqana
Kikubaaqudgha
Nemelex Xobeh
Qazlal
Ru
Sif Muna
Uskayaw
Wu Jian
Xom
Yredelemnul
Zin

Annotations:
D:4 2 transporters, qw's ghost, amateur DEHu


Message History

Beogh smites you!
You shoot an arrow. The arrow hits the orc wizard!
You kill the orc wizard!
You shoot an arrow. The arrow barely misses the orc.
You shoot an arrow. The arrow hits the orc!
You kill the orc!
You shoot an arrow.
The arrow closely misses the orc priest.
The orc priest closely misses you.
You shoot an arrow.
The arrow hits the orc priest but does no damage.
You drain the orc priest.
The orc priest is lightly wounded.
The orc priest hits you with a +0 short sword.
You shoot an arrow. The arrow barely misses the orc priest.
The orc priest mumbles some strange prayers to Beogh against you.
Pain shoots through your body!
You shoot an arrow.
The arrow hits the orc priest but does no damage.
The orc priest is lightly wounded.
You shoot an arrow. The arrow hits the orc priest.
You drain the orc priest.
The orc priest is heavily wounded.
The orc priest invokes the aid of Beogh against you.
Beogh smites you!
You shoot an arrow. The arrow hits the orc priest.
The orc priest is severely wounded.
The orc priest looks braver for a moment.
The orc priest closely misses you.
You shoot an arrow.
The arrow hits the orc priest but does no damage.
The orc priest is severely wounded.
The orc priest looks satisfied for a moment.
You shoot an arrow. The arrow hits the orc priest.
The orc priest is severely wounded.
The orc priest hits you but does no damage.
You shoot an arrow.
The arrow completely misses the orc priest.
The orc priest mumbles some strange prayers to Beogh against you.
Beogh smites you!
You die...

##.## ... ... ..? #### #.#
#.. #)# #.# #####o###.#
#....@....# #.........#
#.........# #.........#
############.###.#
#.......####.###.###
#.......%....#.....#
#.......######.#.#.#######
#........><..#.#.#.......#


You could see an orc priest (very drained).

Vanquished Creatures
  Sigmund (D:2)
  An orc priest (D:5)
  A hound (D:5)
  2 jellies (Sewer)
  Natasha (thrice) (D:4)
  An orc wizard (D:5)
  Terence (D:3)
  3 gnolls (D:4)
  4 adders
  3 worms
  A dart slug (D:1)
  11 orcs
  9 ball pythons
  7 bats
  10 endoplasms
  7 giant cockroaches
  5 goblins
  6 hobgoblins
  2 quokkas (D:4)
  3 frilled lizards
  6 kobolds
  12 rats
99 creatures vanquished.

Notes
Turn   | Place    | Note
-------+----------+-------------------------------------------
     0 | D:1      | qw the Deep Elf Hunter began the quest for the Orb.
     0 | D:1      | Reached XP level 1. HP: 12/12 MP: 3/3
     0 | D:1      | 0 ||| qw: Version: 0.3-a-9-g12657ce
     0 | D:1      | 0 ||| qw: Game counter: 3590
     0 | D:1      | 0 ||| qw: Always use a shield: true
     0 | D:1      | 0 ||| qw: God list: Okawaru
     0 | D:1      | 0 ||| qw: Allow faded altars: false
     0 | D:1      | 0 ||| qw: Do Orc after D:15 true
     0 | D:1      | 0 ||| qw: Do second Lair branch before Depths: true
     0 | D:1      | 0 ||| qw: Lair rune preference: random
     0 | D:1      | 0 ||| qw: Plans: Normal
     0 | D:1      | 0 ||| PLANNING D:1-11
   101 | D:1      | Reached XP level 2. HP: 16/16 MP: 4/4
   103 | D:1      | Reached skill level 6 in Ranged Weapons
   409 | D:1      | Reached XP level 3. HP: 20/20 MP: 5/5
   671 | D:1      | Found a faded altar of an unknown god.
   780 | D:1      | 780 ||| READING scroll labelled BATISH BONISM.
   781 | D:1      | 781 ||| READING 4 scrolls labelled BEATHEJOSI.
   784 | D:1      | 784 ||| READING scroll labelled YMUILANUSK.
   785 | D:1      | 785 ||| DRINKING 2 ruby potions.
   786 | D:1      | 786 ||| DROPPING scroll of butterflies.
   920 | D:2      | Reached skill level 7 in Ranged Weapons
  1193 | D:2      | Noticed Sigmund
  1204 | D:2      | Killed Sigmund
  1205 | D:2      | Reached skill level 9 in Ranged Weapons
  1205 | D:2      | Reached XP level 4. HP: 13/25 MP: 6/6
  1205 | D:2      | Reached XP level 5. HP: 15/29 MP: 7/7
  1502 | D:2      | 1502 ||| UPGRADING to +0 ring mail.
  1512 | D:2      | 1512 ||| DROPPING +0 leather armour.
  1513 | D:2      | 1513 ||| UPGRADING to +6 ring of dexterity.
  1514 | D:2      | 1514 ||| READING 2 scrolls labelled VOTHRU UNO FOJO.
  1515 | D:2      | 1515 ||| READING scroll labelled RITAG NABBIT.
  1528 | D:3      | 1528 ||| PLANNING SEWER
  1599 | D:3      | Found an ancient bone altar of Kikubaaqudgha.
  1657 | D:3      | Reached skill level 3 in Dodging
  1747 | D:3      | Noticed Terence
  1762 | D:3      | HP: 7/29 [Terence/+3 mace of pain (7)]
  1763 | D:3      | 1763 ||| READING 3 scrolls of teleportation.
  1765 | D:3      | HP: 1/29 [Terence/+3 mace of pain (7)]
  1766 | D:3      | Killed Terence
  2227 | D:3      | Reached XP level 6. HP: 35/35 MP: 8/8
  2227 | D:3      | Found a glowing drain.
  2228 | D:3      | 2228 ||| READING scroll labelled QEGRE OMI.
  2229 | D:3      | 2229 ||| READING scroll labelled XEUTOIKKA VIYM.
  2230 | D:3      | 2230 ||| READING 4 scrolls of identify.
  2230 | D:3      | 2230 ||| IDENTIFYING clear potion
  2231 | D:3      | 2231 ||| READING 3 scrolls of identify.
  2231 | D:3      | 2231 ||| IDENTIFYING smoky ruby potion
  2232 | D:3      | 2232 ||| READING 2 scrolls of identify.
  2232 | D:3      | 2232 ||| IDENTIFYING fizzy white potion
  2233 | D:3      | 2233 ||| DROPPING potion of magic.
  2242 | Sewer    | Entered a sewer
  2262 | Sewer    | 2262 ||| Stepping ~*~*~tactically~*~*~ (water).
  2286 | Sewer    | 2286 ||| Stepping ~*~*~tactically~*~*~ (water).
  2315 | Sewer    | 2315 ||| Stepping ~*~*~tactically~*~*~ (water).
  2317 | Sewer    | 2317 ||| Stepping ~*~*~tactically~*~*~ (water).
  2337 | Sewer    | 2337 ||| Stepping ~*~*~tactically~*~*~ (water).
  2474 | Sewer    | Found a viscous altar of Jiyva.
  2523 | Sewer    | 2523 ||| READING 2 scrolls labelled EXALAJ WIQA.
  2524 | Sewer    | 2524 ||| DROPPING scroll of noise.
  2546 | D:3      | 2546 ||| PLANNING D:1-11
  2626 | D:4      | Found a stormy altar of Qazlal.
  2782 | D:4      | Found a transporter.
  2800 | D:4      | Noticed qw's ghost (amateur DEHu)
  2842 | D:4      | Reached skill level 10 in Ranged Weapons
  2874 | D:4      | Noticed Natasha
  2879 | D:4      | Killed Natasha
  2882 | D:4      | Found a staircase to the Ecumenical Temple.
  2883 | D:4      | 2883 ||| PLANNING TEMPLE
  2884 | D:4      | 2884 ||| DRINKING 2 glowing golden potions.
  2885 | D:4      | 2885 ||| DRINKING potion of curing.
  2885 | D:4      | 2885 ||| (to cure confusion)
  2886 | D:4      | 2886 ||| DRINKING 2 blue potions.
  2887 | D:4      | 2887 ||| DROPPING potion of ambrosia.
  2897 | Temple   | Entered the Ecumenical Temple
  3084 | Temple   | 3084 ||| PLANNING D:1-11
  3112 | D:4      | Found a transporter.
  3132 | D:4      | Noticed Natasha
  3135 | D:4      | Killed Natasha
  3146 | D:4      | Noticed Natasha
  3148 | D:4      | 3148 ||| FLEEEEING.
  3151 | D:4      | Killed Natasha
  3436 | D:5      | Entered Level 5 of the Dungeon
  3439 | D:5      | 3439 ||| STAIRDANCE
  3457 | D:5      | Reached XP level 7. HP: 40/40 MP: 9/9
  3552 | D:5      | Killed from afar by an orc priest

Levels and vault maps discovered:
D:1:      kennysheep_arrival_forest, layout_basic, serial_rivers,
          chequers_serial_rivers_large_a, chequers_serial_rivers_micro_d,
          chequers_serial_rivers_small_b, chequers_serial_rivers_micro_e,
          chequers_ecumenical_altar_simple_redux, hangedman_feature_mirror
D:2:      layout_basic, uniq_sigmund
D:3:      layout_loops_ring, kiku_gazebo_garden_becter, portal_sewer_entry_d,
          uniq_terence
D:4:      layout_basic, nicolae_qazlal_scattered_showers,
          minmay_temple_entry_junction_2, gammafunk_ghost_gnarly_gnolls,
          dk_noncrumbling_4, uniq_natasha
D:5:      layout_basic
Temple:   hc_temple_tempest_star

Skill      XL: |  1  2  3  4  5  6 |
---------------+-------------------+-----
Ranged Weapons | 6 9 10 | 10.5
Dodging        | 3 4 |  4.1
Fighting       | 2 |  2.0
Stealth        | |  1.2

Action                     |  1- 3 |  4- 6 |  7- 9 || total
---------------------------+-------+-------+-------++-------
   Fire: Shortbow          |    91 |   132 |    20 ||   243
    Use: Scroll            |     3 |     9 |       ||    12
         Potion            |     1 |     3 |       ||     4
 Armour: Leather armour    |     6 |     1 |       ||     7
         Ring mail         |       |     9 |     2 ||    11
  Dodge: Dodged            |    12 |    16 |     5 ||    33

Table legend:
 A = Non-vault XP
 B = Vault XP
 C = Vault XP percentage of total XP
 D = Non-vault monster count
 E = Vault monster count
 F = Vault count percentage of total count
                 A         B        C        D         E       F
            +---------+---------+-------+---------+---------+-------
      Total |     376 |     440 |  53.9 |      73 |      26 |  26.3
            +---------+---------+-------+---------+---------+-------
        D:1 |      35 |      11 |  23.9 |      21 |       6 |  22.2
        D:2 |      44 |     223 |  83.5 |      13 |       1 |   7.1
        D:3 |      27 |      46 |  63.0 |      14 |       2 |  12.5
        D:4 |     142 |      35 |  19.8 |      18 |       1 |   5.3
        D:5 |     128 |       0 |   0.0 |       7 |       0 |   0.0
      Sewer |       0 |     125 | 100.0 |       0 |      16 | 100.0
            +---------+---------+-------+---------+---------+-------
